 Dungeon Crawl Stone Soup version 0.31.0-32-g396128a36d (webtiles) character file.

Game seed: 2891598533973998449

390 H0rd4k the Insei (level 6, -1/41 HPs)
             Began as an Octopode Artificer on Mar 19, 2024.
             Slain by an orc
             ... wielding a +0 war axe
              (10 damage)
             ... on level 4 of the Dungeon.
             The game lasted 00:03:20 (3170 turns).

H0rd4k the Insei (Octopode Artificer)               Turns: 3170, Time: 00:03:21

Health: -1/41      AC:  1    Str: 11    XL:     6   Next: 80%
Magic:  6/6        EV: 13    Int: 16    God:
Gold:   180        SH:  0    Dex: 12    Spells: 5/5 levels left

rFire   . .          .
                       - Unarmed
rCold   . . .        (no shield)
rNeg    + . .        (helmet restricted)
rPois   .            (no amulet)
rElec   .            j - ring of positive energy
rCorr   .            (no ring)
SInv    .            (no ring)
Will    .....        (no ring)
Stlth   +++          (no ring)
HPRegen 0.26/turn    (no ring)
MPRegen 0.10/turn    (no ring)
                     (no ring)

%: no passive effects
@: no status effects
A: almost no armour, amphibious, 8 rings, camouflage 1, gelatinous body 1,
(nimble swimmer 1), tentacles
a: no special abilities


You were on level 4 of the Dungeon.
You visited 1 branch of the dungeon, and saw 4 of its levels.

You collected 180 gold pieces.

Inventory:

Jewellery
 j - a ring of positive energy (left tentacle)
Talismans
 e - a flux talisman
Wands
 b - a wand of flame (14) (quivered)
 c - a wand of charming (15)
 d - a wand of iceblast (9)
 s - a wand of polymorph (12)
Scrolls
 a - a scroll of revelation {unknown}
 f - 4 scrolls of identify {unknown}
 g - 2 scrolls of enchant armour {unknown}
 h - 2 scrolls of silence {unknown}
 i - 3 scrolls of teleportation {unknown}
 k - a scroll of poison {unknown}
 p - a scroll of vulnerability {unknown}
 r - a scroll of fear {unknown}
 u - 2 scrolls of enchant weapon {unknown}
Potions
 l - a potion of degeneration {unknown}
 m - a potion of mutation {unknown}
 n - a potion of enlightenment {unknown}
 o - 3 potions of curing {unknown}
 q - a potion of invisibility {unknown}
 t - 2 potions of heal wounds {unknown}


   Skills:
 + Level 2.8 Fighting
 - Level 2.3 Dodging
 - Level 1.3 Stealth
 + Level 6.0 Unarmed Combat
 - Level 3.2 Evocations


You had 5 spell levels left.
You didn't know any spells.
Your spell library contained the following spells:

 Spells                   Type           Power      Damage    Failure   Level
 Slow                     Hex            0%         N/A       26%         1
 Confusing Touch          Hex            0%         N/A       58%         3
 Ozocubu's Armour         Ice            0%         N/A       58%         3
 Sigil of Binding         Hex            0%         N/A       58%         3
 Vampiric Draining        Necr           0%         2d6       58%         3
 Metabolic Englaciation   Hex/Ice        0%         N/A       100%        5
 Sculpt Simulacrum        Ice/Alch       0%         N/A       100%        6


Dungeon Overview and Level Annotations

Branches:
Dungeon (4/15)
 Temple: D:4-7

Altars:

Shops:
D:1 *   D:2 ?

Annotations:
D:3 2 transporters, exclusion: downstairs, postfeelist's ghost, weakling HOFi


Innate Abilities, Weirdness & Mutations

You cannot wear most types of armour.
You are amphibious.
You can wear up to eight rings at the same time.
Your skin changes colour to match your surroundings (Stealth+).
Your rubbery body absorbs attacks. (AC +1, EV +1)
((You are camouflaged when in or above water. (Stealth+)))
You have tentacles for arms and can constrict up to eight enemies at once.


Message History

The orc is heavily wounded.
You constrict the orc. The orc completely misses you.
You tentacle-slap the orc.
You kill the orc!
Items here: )) [[ †.
An orc is nearby!
An orc is nearby!
An orc is nearby!
An orc is nearby!
Found 16 gold pieces.
The orc throws a boomerang.
The boomerang barely misses you. The orc hits you with a +0 mace!
You tentacle-slap the orc. Your grab misses the orc.
Your squeeze misses the orc.
The orc is heavily wounded.
The orc hits you with a +0 mace!
* * * LOW HITPOINT WARNING * * *
You bludgeon the orc!
You kill the orc!
Things that are here:
a +0 mace; a boomerang An orc comes into view.
It is wielding a +0 war axe.
An orc is nearby!
An orc is nearby!
You catch the helpless orc completely off-guard!
You tentacle-slap the orc. Your grab misses the orc.
The orc is lightly wounded.
The orc completely misses you.
You tentacle-slap the orc but do no damage.
You grab the orc.
The orc is lightly wounded.
You constrict the orc, but do no damage.
The orc barely misses you.
You tentacle-slap the orc but do no damage.
You constrict the orc, but do no damage.
The orc closely misses you.
You tentacle-slap the orc. You squeeze the orc.
The orc is heavily wounded.
You constrict the orc. The orc hits you with a +0 war axe!
You die...

.. .##.#.# ...###..#.#
....#.#..
..........#........ ##
.........#....... #..
...........#..$.###..#
.. ..o.#.............$.#
.# #........##.o.......#
####.o.....<## #@......$
............#. #........
...#?>.......)##........
...#.o.......†.)........
.....####..####.....#..#
...### #.###.?...).# ..
...#### #.# #..###### #
......###.###..#
...##...#.##..##


You could see an orc.

Vanquished Creatures
  Sigmund (D:3)
  A hound (D:4)
  An orc wizard (D:4)
  Robin (D:3)
  2 gnolls (D:3)
  2 adders
  3 dart slugs
  2 ribbon worms (D:2)
  9 orcs
  4 bats
  7 endoplasms
  3 giant cockroaches
  11 hobgoblins
  10 jackals
  6 quokkas
  8 ball pythons
  5 frilled lizards
  14 goblins
  4 kobolds
  4 rats
98 creatures vanquished.

Notes
Turn   | Place    | Note
-------+----------+-------------------------------------------
     0 | D:1      | H0rd4k the Octopode Artificer began the quest for the Orb.
     0 | D:1      | Reached XP level 1. HP: 13/13 MP: 1/1
   251 | D:1      | Reached XP level 2. HP: 9/18 MP: 2/2
   256 | D:1      | Reached skill level 1 in Unarmed Combat
   506 | D:1      | Found Sanant's General Store.
   653 | D:1      | Reached XP level 3. HP: 24/24 MP: 3/3
   664 | D:1      | Reached skill level 2 in Unarmed Combat
  1340 | D:2      | Reached XP level 4. HP: 28/29 MP: 4/4
  1346 | D:2      | Reached skill level 3 in Unarmed Combat
  1536 | D:2      | Found Plog's Magic Scroll Boutique.
  1895 | D:3      | Noticed Robin
  1896 | D:3      | Killed Robin
  1897 | D:3      | Noticed Sigmund
  2067 | D:3      | Found a faded altar of an unknown god.
  2076 | D:3      | Got Plato's Grimoire of Bewitchment
  2088 | D:3      | Killed Sigmund
  2089 | D:3      | Reached skill level 5 in Unarmed Combat
  2089 | D:3      | Reached XP level 5. HP: 20/35 MP: 5/5
  2089 | D:3      | Reached XP level 6. HP: 24/41 MP: 6/6
  2364 | D:3      | Found a transporter.
  2365 | D:3      | Found a transporter.
  2365 | D:3      | Noticed postfeelist's ghost (weakling HOFi)
  2367 | D:3      | Identified the +2 great mace "Dragon's Demise" {speed, rC++
                  | Int-4}
  3152 | D:4      | Reached skill level 6 in Unarmed Combat
  3170 | D:4      | Slain by an orc

Illustrated notes

Levels and vault maps discovered:
D:1:      minmay_arrival_widening_spiral_narrow, layout_rooms, serial_shops,
          nicolae_shop_gibbet_a_chance, minmay_misc_feat_rows
D:2:      layout_loops_corners, serial_shops, nicolae_shop_crystal
D:3:      minmay_chambers_of_twos, layout_basic,
          shapermc_ecumenical_altar_rom_forum, gammafunk_ghost_smash,
          uniq_sigmund, uniq_robin
D:4:      layout_rooms, nicolae_vehumet_radiance

Skill      XL: |  1  2  3  4  5  6 |
---------------+-------------------+-----
Unarmed Combat | 1 2 5 6 |  6.0
Fighting       | 2 |  2.8
Dodging        | |  2.3
Stealth        | |  1.3
Evocations     | |  3.2

Action                     |  1- 3 |  4- 6 || total
---------------------------+-------+-------++-------
  Melee: Unarmed           |   103 |   120 ||   223
         Constrict         |    23 |    29 ||    52
         Tentacles         |    19 |    14 ||    33
         Punch             |     5 |       ||     5
  Evoke: Wand              |     1 |     4 ||     5
   Stab: Sleeping          |    10 |     5 ||    15
         Distracted        |     3 |     2 ||     5
 Armour: Skin              |    39 |    56 ||    95
  Dodge: Dodged            |    58 |    67 ||   125
